 Dungeon Crawl Stone Soup version 0.29.1-1-gd02db6906a (webtiles) character file.

Game seed: 10822129643573163803

211 RKaid the Shooter (level 5, -2/32 HPs)
             Began as a Tengu Hunter on Sept 18, 2022.
             Slain by a gnoll
             ... wielding a +0 flail
              (4 damage)
             ... on level 4 of the Dungeon.
             The game lasted 00:06:13 (2886 turns).

RKaid the Shooter (Tengu Hunter)                    Turns: 2886, Time: 00:06:14

Health: -2/32      AC:  4    Str: 17    XL:     5   Next: 88%
Magic:  6/6        EV: 16    Int:  9    God:
Gold:   249        SH:  0    Dex: 20    Spells: 2/4 levels left

rFire   + . .      SeeInvis .   a - +0 shortbow
rCold   . . .      Faith    .   (shield currently unavailable)
rNeg    . . .      Spirit   .   c - +0 leather armour
rPois   .          Reflect  .   d - +0 hat
rElec   .          Harm     .   (no cloak)
rCorr   .          Rampage  .   i - +0 pair of gloves
Will    .....                   (boots unavailable)
Stlth   ++........              (no amulet)
HPRegen 0.10/turn               e - +6 ring of strength
MPRegen 0.10/turn               n - ring of protection from fire {rF+}

@: flying quickly and evasively, quick
A: beak, talons 3, nimble flight
a: no special abilities


You were on level 4 of the Dungeon.
You visited 1 branch of the dungeon, and saw 4 of its levels.

You collected 249 gold pieces.

Inventory:

Hand Weapons
 a - a +0 shortbow (weapon)
 p - the +6 spear "Siapliur" {vorpal, rF+}
   (You found it on level 2 of the Dungeon)

   It inflicts extra damage upon your enemies.
   rF:        It protects you from fire.
Armour
 c - a +0 leather armour (worn)
 d - a +0 hat (worn)
   (You found it on level 1 of the Dungeon)
 i - a +0 pair of gloves (worn)
   (You found it on level 1 of the Dungeon)
Jewellery
 e - a +6 ring of strength (left hand)
   (You found it on level 1 of the Dungeon)
 j - a ring of ice {rC+, rF-}
   (You found it on level 1 of the Dungeon)
 n - a ring of protection from fire (right hand) {rF+}
   (You found it on level 2 of the Dungeon)
 q - a ring of fire {rF+, rC-}
   (You found it on level 3 of the Dungeon)
 s - a +6 ring of intelligence
   (You found it on level 3 of the Dungeon)
Scrolls
 b - 3 scrolls of immolation {!r}
 g - 2 scrolls of fear {unknown}
 h - 2 scrolls of noise {unknown}
 l - 4 scrolls of identify {unknown}
 m - a scroll of torment {unknown}
Potions
 f - a potion of curing {unknown}
 k - 2 potions of degeneration {unknown}
 o - a potion of haste {unknown}
 r - 2 potions of attraction {unknown}
 t - a potion of heal wounds {unknown}
 u - a potion of brilliance {unknown}
 v - a potion of flight
 w - a potion of lignification {unknown}


   Skills:
 + Level 3.3 Fighting
 * Level 6.2 Ranged Weapons
 + Level 3.6 Dodging
 - Level 1.0 Stealth


You had 2 spell levels left.
You knew the following spells:

 Your Spells              Type           Power      Damage    Failure   Level
B - Blink                 Tloc           0%         N/A       58%         2

Your spell library contained the following spells:

 Spells                   Type           Power      Damage    Failure   Level
 Summon Small Mammal      Summ           0%         N/A       45%         1
 Call Canine Familiar     Summ           0%         N/A       83%         3
 Lesser Beckoning         Tloc           0%         N/A       83%         3
 Ozocubu's Armour         Ice            0%         N/A       83%         3
 Summon Guardian Golem    Hex/Summ       0%         N/A       83%         3
 Manifold Assault         Tloc           0%         N/A       100%        5
 Metabolic Englaciation   Hex/Ice        0%         N/A       100%        5
 Simulacrum               Ice/Necr       0%         N/A       100%        6


Dungeon Overview and Level Annotations

Branches:
Dungeon (4/15)
 Temple: D:4-7

Altars:
Cheibriados
Elyvilon

Shops:
D:1 [


Innate Abilities, Weirdness & Mutations

You have a beak for a mouth.
You have claws for feet.
Your magical nature lets you fly swiftly and evasively.


Message History

The orc shouts!
You shoot an arrow. The arrow hits the orc.
You shoot an arrow. The arrow hits the orc!
You kill the orc!
No target in view!
Things that are here:
a +0 war axe; an orc corpse You now have 249 gold pieces (gained 8).
Things that are here:
a +0 war axe; an orc corpse
r - 2 dark potions (gained 1)
A kobold comes into view. It is wielding a +0 whip.
The kobold shouts!
You shoot an arrow. The arrow barely misses the kobold.
You shoot an arrow. The arrow closely misses the kobold.
You shoot an arrow. The arrow hits the kobold!
You kill the kobold!
No target in view!
An ufetubus comes into view.
The ufetubus shouts!
You shoot an arrow. The arrow closely misses the ufetubus.
You shoot an arrow. The arrow misses the ufetubus.
You shoot an arrow. The arrow hits the ufetubus!
You kill the ufetubus!
Found an escape hatch in the floor.
A howler monkey comes into view.
You shoot an arrow. The arrow hits the howler monkey!
The howler monkey howls!
The howler monkey hoots and howls with incredible vigour!
You hear a shout! x4; You hear a bark!
You shoot an arrow.
The arrow closely misses the howler monkey.
You shoot an arrow. The arrow hits the howler monkey!
No target in view!
No target in view!
Found a stone staircase leading down.
The howler monkey hoots and howls with incredible vigour!
You hear a bark!
You hear a shout!
You shoot an arrow.
The arrow closely misses the howler monkey.
You shoot an arrow.
The arrow closely misses the howler monkey.
You shoot an arrow.
The arrow closely misses the howler monkey.
You shoot an arrow.
The arrow closely misses the howler monkey.
The howler monkey hits you.
The howler monkey hoots and howls with incredible vigour!
You hear a shout! x2
You shoot an arrow. The arrow hits the howler monkey!
You kill the howler monkey!
Your Ranged Weapons skill increases to level 6!
A hound comes into view.
A gnoll comes into view. It is wielding a +0 flail.
You shoot an arrow. The hound barks!
The arrow hits the hound.
You hear a shout!
You shoot an arrow. The arrow hits the gnoll.
A gnoll comes into view. It is wielding a +0 halberd.
The hound misses you. The hound closely misses you.
A kobold comes into view. It is wielding a +0 short sword.
A gnoll comes into view. It is wielding a +0 flail.
The hound misses you. The hound attacks as you move away!
The hound barely misses you.
You shoot an arrow. The arrow barely misses the hound.
You hear a shout!
The hound bites you but does no damage.
A gnoll comes into view. It is wielding a +0 club.
The hound closely misses you.
You shoot an arrow. The arrow hits the hound.
The hound barely misses you. The hound bites you but does no damage.
You shoot an arrow. The arrow barely misses the hound.
The hound barely misses you. The hound bites you.
You shoot an arrow. The arrow completely misses the hound.
The hound barely misses you. x2
You shoot an arrow. The arrow hits the hound.
The hound barely misses you. x2
You shoot an arrow. The arrow barely misses the hound.
The hound bites you but does no damage. x2
You shoot an arrow. The arrow hits the hound!
The hound bites you.
You shoot an arrow. The arrow barely misses the hound.
The hound misses you. The hound barely misses you.
You shoot an arrow. The arrow barely misses the hound.
The hound bites you. The hound closely misses you.
You shoot an arrow. The arrow barely misses the hound.
The hound barely misses you. The hound misses you.
You shoot an arrow. The arrow hits the hound!
You kill the hound!
You shoot an arrow. The arrow barely misses the gnoll.
The gnoll misses you.
You shoot an arrow. The arrow hits the gnoll.
The gnoll hits you with a +0 flail!
* * * LOW HITPOINT WARNING * * *
The gnoll hits you with a +0 flail!
* * * LOW HITPOINT WARNING * * *
You are too injured to fight recklessly!
It was a potion of flight.
You feel more buoyant. The gnoll hits you with a +0 flail.
You die...

#.. #≈.≈#.. #.. #≈≈≈#..
#..######...#.#
####..#......#.#†#
......#.####.#.#.#####
...............gg...>#
....#.#.#....#.#g###.#
###..........#.#g#
###.#......#.#@#
#.###..#.#.#.###.# .#
#........#.#[#<#.###.####
######..##.#.#.#.#......#
..>........#.#.#.#......#
######.#...#.#.#.#......#####
#####.#.....................
#........)..##..........####
#...........#)......#####...


You could see 4 gnolls.

Vanquished Creatures
  A howler monkey (D:4)
  A hound (D:4)
  5 gnolls
  An adder (D:2)
  An ufetubus (D:4)
  2 dart slugs (D:3)
  5 orcs (D:4)
  5 endoplasms
  2 giant cockroaches
  2 hobgoblins
  9 quokkas
  4 ball pythons
  11 bats
  4 frilled lizards
  6 goblins (D:1)
  6 kobolds
  9 rats
74 creatures vanquished.

Notes
Turn   | Place    | Note
-------+----------+-------------------------------------------
     0 | D:1      | RKaid the Tengu Hunter began the quest for the Orb.
     0 | D:1      | Reached XP level 1. HP: 12/12 MP: 2/2
   259 | D:1      | Reached XP level 2. HP: 17/17 MP: 3/3
   542 | D:1      | Found Tucifoli's Armour Shoppe.
   662 | D:1      | Reached XP level 3. HP: 17/22 MP: 4/4
   671 | D:1      | Reached skill level 5 in Ranged Weapons
  1090 | D:2      | Found a white marble altar of Elyvilon.
  1140 | D:2      | Learned a level 2 spell: Blink
  1355 | D:2      | Reached XP level 4. HP: 24/27 MP: 5/5
  1450 | D:2      | Found a faded altar of an unknown god.
  1802 | D:2      | Identified the +6 spear "Siapliur" {vorpal, rF+}
  1852 | D:2      | Reached skill level 3 in Dodging
  2469 | D:3      | Gained mutation: Your magical nature lets you fly swiftly
                  | and evasively. [Tengu growth]
  2469 | D:3      | Reached XP level 5. HP: 32/32 MP: 6/6
  2557 | D:3      | Reached skill level 3 in Fighting
  2701 | D:4      | Found a snail-covered altar of Cheibriados.
  2862 | D:4      | Reached skill level 6 in Ranged Weapons
  2885 | D:4      | HP: 2/32 [gnoll/+0 flail (7)]
  2886 | D:4      | Slain by a gnoll

Illustrated notes

Levels and vault maps discovered:
D:1:      dpeg_arrival_simpleton_b, layout_rooms, serial_shops,
          nicolae_shop_behind_doors
D:2:      layout_loops_ring, basic_altar, hellmonk_ecumenical_altar_run_dry,
          kennysheep_small_spiral, grunt_decor_arrowhead,
          small_statue_intersection, hangedman_decor_opposing
D:3:      layout_rooms, nrook_mini_backslash, chequers_serial_rivers_micro_e
D:4:      layout_basic, mainiacjoe_overflow_surrounded_room, serial_rivers,
          chequers_serial_rivers_micro_d, chequers_serial_rivers_large_a,
          chequers_serial_rivers_micro_d, chequers_serial_rivers_micro_e

Skill      XL: |  1  2  3  4  5 |
---------------+----------------+-----
Ranged Weapons | 5 6 |  6.2
Dodging        | 3 |  3.6
Fighting       | 3 |  3.3
Stealth        | |  1.0

Action                   |  1- 3 |  4- 6 || total
-------------------------+-------+-------++-------
 Fire: Shortbow          |   104 |   103 ||   207
  Use: Potion            |       |     1 ||     1
Armor: Leather armour    |    25 |     6 ||    31
Dodge: Dodged            |    55 |    32 ||    87

Table legend: (Time is in decaauts)
 A = Elapsed time spent in this place.
 B = Non-inter-level travel time spent in this place.
 C = Inter-level travel time spent in this place.
 D = Time resting spent in this place.
 E = Time spent auto-exploring this place.
 F = Levels seen in this place.
 G = Mean time per level.
                   A        B        C        D        E       F      G
               +--------+--------+--------+--------+--------+-----+--------+
         Total |   2909 |   2751 |    158 |    637 |   1529 |   4 |  727.2 |
       Dungeon |   2909 |   2751 |    158 |    637 |   1529 |   4 |  727.2 |
               +--------+--------+--------+--------+--------+-----+--------+

Top non-repeatable levels by time:
     D:1: 1094 daAuts
     D:2: 1035 daAuts
     D:3: 541 daAuts
     D:4: 237 daAuts

Table legend:
 A = Kills in this place as a percentage of kills in entire the game.
 B = Kills by you in this place as a percentage of kills by you in the entire game.
 C = Kills by friends in this place as a percentage of kills by friends in the entire game.
 D = Other kills in this place as a percentage of other kills in the entire game.
 E = Experience gained in this place as a percentage of experience gained in the entire game.
 F = Experience gained in this place divided by the number of levels of this place that you have seen.
                   A       B       C       D       E      F
               +-------+-------+-------+-------+-------+----------------------
         Total | 100.0 | 100.0 |   N/A |   N/A | 100.0 |  75.5
       Dungeon | 100.0 | 100.0 |   N/A |   N/A | 100.0 |  75.5
               +-------+-------+-------+-------+-------+----------------------
